 Dungeon Crawl Stone Soup version 0.30.1-11-g7821555f0a (webtiles) character file.

Game seed: 3397616850219547620

142 porpoise the Shooter (level 5, -1/45 HPs)
             Began as a Minotaur Hexslinger on Dec 27, 2023.
             Slain by Crazy Yiuf
             ... wielding a +3 quarterstaff of chaos
              (15 damage)
             ... on level 2 of the Dungeon.
             The game lasted 00:05:07 (2302 turns).

porpoise the Shooter (Minotaur Hexslinger)          Turns: 2302, Time: 00:05:08

Health: -1/45      AC:  4    Str: 15    XL:     5   Next: 4%
Magic:  5/5        EV: 12    Int: 10    God:
Gold:   102        SH:  0    Dex: 12    Spells: 5/6 levels left

rFire   . . .        b - +1 dagger (venom)
rCold   . . .        (no shield)
rNeg    . . .        p - +0 leather armour
rPois   +            (helmet restricted)
rElec   .            (no cloak)
rCorr   .            (no gloves)
SInv    .            o - +0 pair of boots
Will    .....        (no amulet)
Stlth   +            j - ring of poison resistance
HPRegen 0.27/turn    (no ring)
MPRegen 0.09/turn

%: no passive effects
@: no status effects
A: horns 2, retaliatory headbutt
a: no special abilities


You were on level 2 of the Dungeon.
You visited 1 branch of the dungeon, and saw 2 of its levels.

You collected 102 gold pieces.

Inventory:

Hand Weapons
 a - a +1 sling
 b - a +1 dagger of venom (weapon)
Missiles
 m - 3 poisoned darts
Armour
 o - a +0 pair of boots (worn)
 p - a +0 leather armour (worn)
Jewellery
 j - a ring of poison resistance (left hand)
Wands
 c - a wand of roots (10)
Scrolls
 d - 3 scrolls of identify {unknown}
 e - a scroll of silence {unknown}
 g - a scroll of amnesia {unknown}
 h - 2 scrolls of poison
 i - a scroll of blinking {unknown}
 k - a scroll of torment {unknown}
 l - a scroll of summoning {unknown}
Potions
 f - a potion of magic {unknown}
 n - a potion of heal wounds {unknown}


   Skills:
 + Level 3.4 Fighting
 * Level 4.9 Ranged Weapons
 - Level 2.1 Dodging
 - Level 1.0 Spellcasting
 - Level 2.0 Hexes


You had 5 spell levels left.
You knew the following spells:

 Your Spells              Type           Power      Damage    Failure   Level
a - Slow                  Hex            16%        N/A       19%         1

Your spell library contained the following spells:

 Spells                   Type           Power      Damage    Failure   Level
 Blink                    Tloc           0%         N/A       54%         2
 Lesser Beckoning         Tloc           0%         N/A       54%         2
 Momentum Strike          Conj/Tloc      0%         3d8       54%         2
 Inner Flame              Hex/Fire       2%         N/A       63%         3
 Portal Projectile        Hex/Tloc       4%         N/A       63%         3
 Ozocubu's Armour         Ice            0%         N/A       77%         3
 Cause Fear               Hex            2%         N/A       88%         4
 Metabolic Englaciation   Hex/Ice        1%         N/A       100%        5
 Simulacrum               Ice/Necr       0%         N/A       100%        6


Dungeon Overview and Level Annotations

Branches:
Dungeon (2/15)

Altars:

Annotations:
D:2 Crazy Yiuf


Innate Abilities, Weirdness & Mutations

You have a pair of horns on your head.
You reflexively headbutt those who attack you in melee.


Message History

b - a +1 dagger of venom (weapon)
You hit the ball python.
You kill the ball python!
No target in view!
Your +1 dagger of venom stops dripping with poison.
a - a +1 sling (weapon)
Your movement speed is average.
Your attack delay is about 1.1.
Your damage rating with your +1 sling is about 9 (Base 7 x 105% (Dex) x 115% (Skill) + 1 (Ench)).
Unknown command.
Your +1 dagger of venom begins to drip with poison!
b - a +1 dagger of venom (weapon)
Your +1 dagger of venom stops dripping with poison.
a - a +1 sling (weapon)
There is a stone staircase leading up here.
There is an open door here.
You see here a +0 club.
Things that are here:
a +0 club; a goblin skeleton You see here a +0 flail.
You see here a +0 leather armour.
Things that are here:
a +0 short sword; 2 stones You open the door.
There is an open door here.
There is an open door here.
Things that are here:
a +0 short sword; 2 stones You see here a +0 flail.
Crazy Yiuf shouts!
Your +1 dagger of venom begins to drip with poison!
b - a +1 dagger of venom (weapon)
You open the door.
Crazy Yiuf drinks a potion.
Crazy Yiuf flickers and vanishes!
Deactivating autopickup; reactivate with Ctrl-A.
No target in view!
Something hits you!! Something burns you!
There is an open translucent door, spattered with blood here.
You miss something. You headbutt something! Something hits you!
You are electrocuted!
You die...

.........# #.........#
....###### #.......#.##
....## #........... .....#
##......#.## .>...#
#......#.# ####.#########
#........## #.##..P.#.###
#### #..........
#.....P..#..##...#
###'#######
##.....P####.@{..# #.......#
#.....## ###..)# #######..
#..#### #### #######. ##.#
#....... #.# ####......#
#.############## #....##....
#.......#......####...##.###
#############.........##.# #
#......#..##.# #


There were no monsters in sight!

Vanquished Creatures
  5 adders (D:2)
  4 gnolls (D:2)
  A worm (D:2)
  A dart slug (D:1)
  10 ball pythons
  6 bats
  4 endoplasms
  3 giant cockroaches
  2 goblins (D:2)
  4 hobgoblins
  5 jackals
  A kobold (D:2)
  A quokka (D:2)
  9 rats (D:2)
56 creatures vanquished.

Notes
Turn   | Place    | Note
-------+----------+-------------------------------------------
     0 | D:1      | porpoise the Minotaur Hexslinger began the quest for the
                  | Orb.
     0 | D:1      | Reached XP level 1. HP: 16/16 MP: 1/1
   146 | D:1      | Reached XP level 2. HP: 24/24 MP: 2/2
   295 | D:1      | Reached skill level 3 in Ranged Weapons
   915 | D:2      | Reached XP level 3. HP: 25/30 MP: 3/3
  1171 | D:2      | Reached skill level 4 in Ranged Weapons
  1221 | D:2      | Reached XP level 4. HP: 30/37 MP: 4/4
  1826 | D:2      | Found a faded altar of an unknown god.
  1850 | D:2      | Found a runed translucent door.
  1851 | D:2      | Noticed Crazy Yiuf
  1905 | D:2      | Reached XP level 5. HP: 45/45 MP: 5/5
  2302 | D:2      | Slain by Crazy Yiuf

Illustrated notes

Levels and vault maps discovered:
D:1:      dpeg_arrival_rooms_b, layout_basic
D:2:      layout_basic, nicolae_ecumenical_snake_handling,
          minmay_rat_gold_closets, uniq_crazy_yiuf_cottage

Skill      XL: |  1  2  3  4 |
---------------+-------------+-----
Ranged Weapons | 3 4 |  4.9
Fighting       | 2 3 |  3.4
Dodging        | |  2.1
Spellcasting   | |  1.0
Hexes          | |  2.0

Action                     |  1- 3 |  4- 6 || total
---------------------------+-------+-------++-------
  Melee: Dagger            |    12 |    26 ||    38
         Headbutt          |     3 |     3 ||     6
         Punch             |       |     1 ||     1
   Fire: Sling             |    93 |    45 ||   138
 Armour: Robe              |    12 |     7 ||    19
         Leather armour    |       |     1 ||     1
  Dodge: Dodged            |    37 |    26 ||    63
